 Dungeon Crawl Stone Soup version 0.22-a0-525-gf69a080 (webtiles) character file.

24 iamserjio the Insei (level 3, 0/18 HPs)
             Began as a Vine Stalker Skald on June 21, 2018.
             Slain by a gnoll
             ... wielding a +0 flail
              (8 damage)
             ... on level 3 of the Dungeon.
             The game lasted 00:02:59 (356 turns).

iamserjio the Insei (Vine Stalker Skald)             Turns: 356, Time: 00:03:00

Health: 0/18       AC:  5    Str: 13    XL:     3   Next: 2%
Magic:  0/7        EV:  5    Int: 14    God:
Gold:   32         SH:  0    Dex: 13    Spells: 0/6 levels left

rFire    . . .     SeeInvis .     - Unarmed
rCold    . . .     Gourm    .   (no shield)
rNeg     . . .     Faith    .   e - +0 ring mail
rPois    .         Spirit   +   (no helmet)
rElec    .         Reflect  .   (no cloak)
rCorr    .         Harm     .   (no gloves)
MR       .....                  (no boots)
Stlth    +.........             (no amulet)
HPRegen  0.06/turn              (no ring)
MPRegen  0.10/turn              (no ring)

@: held
A: fangs 2, magic shield, antimagic bite, no potion heal 3, rot immunity
a: no special abilities


You were on level 3 of the Dungeon.
You were not hungry.

You visited 1 branch of the dungeon, and saw 3 of its levels.

You collected 32 gold pieces.

Inventory:

Armour
 a - a +0 leather armour
 e - a +0 ring mail (worn)
Scrolls
 b - a scroll of remove curse {@r2}
Comestibles
 c - 3 rations


   Skills:
 - Level 2.0 Fighting
 - Level 0.7 Armour
 - Level 1.5 Dodging
 * Level 3.2 Unarmed Combat
 - Level 2.1 Spellcasting
 - Level 3.0 Charms


You couldn't memorise any spells.
You knew the following spells:

 Your Spells              Type           Power        Failure   Level  Hunger
a - Infusion              Chrm           #...         14%         1    #......
b - Song of Slaying       Chrm           #.......     22%         2    ###....
c - Regeneration          Chrm/Necr      #.........   63%         3    ###....

Your spell library contained the following spells:

 Spells                   Type           Power        Failure   Level  Hunger
 Shroud of Golubria       Chrm/Tloc      #.........   38%         2    ###....
 Spectral Weapon          Hex/Chrm       #.......     63%         3    ###....


Dungeon Overview and Level Annotations

Branches:
Dungeon (3/15)

Altars:


Innate Abilities, Weirdness & Mutations

You have extremely sharp teeth.
When hurt, damage is shared between your health and your magic reserves.
Your bite disrupts and absorbs the magic of your enemies.
Potions cannot restore your health.
You are immune to rotting.


Message History

Found 14 arrows.
There is a stone staircase leading down here.
You climb downwards.
A hobgoblin and 3 gnolls come into view.
The hobgoblin shouts!
The gnoll shouts! x3
Found a hand axe.
Found a stone staircase leading up.
There is a stone staircase leading up here.
The gnoll throws a throwing net.
The throwing net hits you.
You become entangled in the net!
You stop ascending the stairs.
The gnoll completely misses you.
It was a potion of curing.
That felt strangely inert.
The gnoll hits you with a flail. The gnoll barely misses you.
As you read the scroll labeled YMMEDY RATOKIARO, it crumbles to dust.
You feel blessed for a moment.
It was a scroll of remove curse.
The gnoll completely misses you.
As you read the scroll labeled NEAVUTZ FIOTU, it crumbles to dust.
It is a scroll of identify.
You don't have any unidentified items.
The gnoll hits you with a flail!
You die...

####
##..g##
#...g@#
#...g<.#
#....g.#
#......#
#.....##
##.).##
##.# ..


You could see 3 gnolls and a hobgoblin.

Vanquished Creatures
  An adder (D:2)
  A worm (D:2)
  A dart slug (D:1)
  A bat (D:1)
  A giant cockroach (D:1)
  2 goblins
  A frilled lizard (D:1)
  4 rats
12 creatures vanquished.

Notes
Turn   | Place    | Note
-------+----------+-------------------------------------------
     0 | D:1      | iamserjio the Vine Stalker Skald began the quest for the Orb.
     0 | D:1      | Reached XP level 1. HP: 11/11 MP: 4/4
   117 | D:1      | Reached XP level 2. HP: 15/15 MP: 6/6
   178 | D:2      | Learned a level 2 spell: Song of Slaying
   301 | D:2      | Reached XP level 3. HP: 9/18 MP: 1/7
   308 | D:2      | Learned a level 3 spell: Regeneration
   356 | D:3      | Slain by a gnoll

Vault maps used:
D:1:      wheals_arrival_shading, kennysheep_doodads, wad_floor_pattern_1
D:3:      overflow_temple_1_default, gammafunk_ghost_necromancy,
          hangedman_decor_opposing

Skill      XL: |  1  2 |
---------------+-------+-----
Fighting       | 2 |  2.0
Unarmed Combat | 3 |  3.2
Armour         | |  0.7
Dodging        | |  1.5
Spellcasting   | |  2.1
Charms         | |  3.0

Action                   || total
-------------------------++-------
Melee: Unarmed           ||    48
       Bite              ||    11
 Cast: Infusion          ||     2
  Use: Scroll            ||     2
       Potion            ||     1
Armor: Ring mail         ||    19
Dodge: Dodged            ||    24

Table legend:
 A = Spawn XP
 B = Non-spawn XP
 C = Spawn XP percentage of total XP
 D = Spawn monster count
 E = Non-spawn monster count
 F = Spawn count percentage of total count
 G = Total turns spent on level
                    A         B        C        D         E        F      G
               +---------+---------+-------+---------+---------+-------+---------
         Total |       0 |      35 |   0.0 |       0 |      12 |   0.0 |   356
               +---------+---------+-------+---------+---------+-------+---------
           D:1 |       0 |      14 |   0.0 |       0 |       8 |   0.0 |   174
           D:2 |       0 |      21 |   0.0 |       0 |       4 |   0.0 |   178
               +---------+---------+-------+---------+---------+-------+---------
